BSA
VISTA PANTHERS @ MAUI TROPICS
08/22/2027
 
TOP OF THE 1ST
Vista Panthers batting - Pitching for Maui Tropics : LHP Kent Robinson
Pitching: LHP Kent Robinson
Batting: RHB John Mendelson 0-0: Called Strike
0-1: Called Strike
0-2: Ball
1-2: Ground out 6-3 (Groundball, 6)
Batting: RHB Phil Matthews 0-0: Ball
1-0: Ball
2-0: Swinging Strike
2-1: DOUBLE (Line Drive, 78D)
Batting: RHB Cisco Gatán 0-0: Swinging Strike
0-1: Ball
1-1: Called Strike
1-2: Ball
2-2: SINGLE (Line Drive, 6MD)
Phil Matthews to third
Runner from 3rd tries for Home, SAFE, throw made home
Batting: RHB Roberto Cruz 0-0: Ball
1-0: Ball
2-0: Grounds into double play, 5-4-3 (Groundball, 56)
Top of the 1st over - 1 run(s), 2 hit(s), 0 error(s), 0 left on base; Vista 1 - Maui 0
BOTTOM OF THE 1ST
Maui Tropics batting - Pitching for Vista Panthers : RHP Dale Reese
Pitching: RHP Dale Reese
Batting: LHB Mario Olivares 0-0: Ground out U3 (Groundball, 34S)
Batting: LHB Luis Antonio Torres 0-0: SINGLE (Groundball, 5S) (infield hit)
Batting: RHB Jesús Espinoza 0-0: Ball
1-0: Called Strike
1-1: Swinging Strike
1-2: Strikes out swinging
Batting: RHB Luis Alou 0-0: Called Strike
0-1: Ball
1-1: Called Strike
1-2: Strikes out swinging
Bottom of the 1st over - 0 run(s), 1 hit(s), 0 error(s), 1 left on base; Vista 1 - Maui 0
TOP OF THE 2ND
Vista Panthers batting - Pitching for Maui Tropics : LHP Kent Robinson
Batting: SHB Mark Wells 0-0: Swinging Strike
0-1: Called Strike
0-2: Strikes out swinging
Batting: LHB Bob Cunningham 0-0: Ball
1-0: Called Strike
1-1: Ground out 4-3 (Groundball, 4MS)
Batting: RHB António López 0-0: Ball
1-0: Called Strike
1-1: Ball
2-1: Ball
3-1: Base on Balls
Batting: RHB Justin Burgess 0-0: Called Strike
0-1: Ball
1-1: Swinging Strike
1-2: Ball
2-2: Strikes out swinging
Top of the 2nd over - 0 run(s), 0 hit(s), 0 error(s), 1 left on base; Vista 1 - Maui 0
BOTTOM OF THE 2ND
Maui Tropics batting - Pitching for Vista Panthers : RHP Dale Reese
Batting: RHB José Herrera 0-0: Foul Ball, location: 2F
0-1: Foul Ball, location: 2F
0-2: Ball
1-2: Foul Ball, location: 2F
1-2: Ground out 4-3 (Groundball, 4)
Batting: LHB José Rivas 0-0: Called Strike
0-1: Swinging Strike
0-2: Strikes out swinging
Batting: RHB Ximena Campos 0-0: Ball
1-0: Foul Ball, location: 2F
1-1: Ball
2-1: SINGLE (Groundball, 6MD)
Batting: RHB Matt Silver 0-0: Fielders Choice at 2nd, 6-4 (Groundball, 6)
Bottom of the 2nd over - 0 run(s), 1 hit(s), 0 error(s), 0 left on base; Vista 1 - Maui 0
TOP OF THE 3RD
Vista Panthers batting - Pitching for Maui Tropics : LHP Kent Robinson
Batting: RHB George Howard 0-0: Ball
1-0: Fly out, F8 (Line Drive, 8RM)
Batting: RHB John Mendelson 0-0: Foul Ball, location: 2F
0-1: Called Strike
0-2: Ball
1-2: Foul Ball, location: 2F
1-2: Strikes out swinging
Batting: RHB Phil Matthews 0-0: Swinging Strike
0-1: Ball
1-1: Fly out, F8 (Flyball, 78M)
Top of the 3rd over - 0 run(s), 0 hit(s), 0 error(s), 0 left on base; Vista 1 - Maui 0
BOTTOM OF THE 3RD
Maui Tropics batting - Pitching for Vista Panthers : RHP Dale Reese
Batting: RHB John Brown 0-0: Called Strike
0-1: Ball
1-1: Swinging Strike
1-2: Ball
2-2: Strikes out swinging
Batting: LHB Mario Olivares 0-0: Ball
1-0: Ball
2-0: Ground out 4-3 (Groundball, 4)
Batting: LHB Luis Antonio Torres 0-0: SINGLE (Flyball, 9LM)
Batting: RHB Jesús Espinoza 0-0: Ball
1-0: Called Strike
1-1: Ball
2-1: Ball
3-1: Fielders Choice at 2nd, 4-6 (Groundball, 4)
Bottom of the 3rd over - 0 run(s), 1 hit(s), 0 error(s), 0 left on base; Vista 1 - Maui 0
TOP OF THE 4TH
Vista Panthers batting - Pitching for Maui Tropics : LHP Kent Robinson
Batting: RHB Cisco Gatán 0-0: Called Strike
0-1: Single, Error in OF, E9, batter to second base
Batting: RHB Roberto Cruz 0-0: Foul Ball, location: 2F
0-1: Foul Ball, location: 2F
0-2: Ball
1-2: SINGLE (Groundball, 6MD)
Cisco Gatán to third
Batting: SHB Mark Wells 0-0: Ball
1-0: SINGLE (Groundball, 6MD)
Cisco Gatán scores
Roberto Cruz to second
Batting: LHB Bob Cunningham 0-0: Ball
1-0: Ball
2-0: Foul Ball, location: 2F
2-1: Swinging Strike
2-2: Fielders Choice at 2nd, 4-6 (Groundball, 4)
Roberto Cruz to third
Batting: RHB António López 0-0: Ball
1-0: Called Strike
1-1: Fly out, F9 (Flyball, 9LM)
Runner from 3rd tags up, SCORES, throw made
Batting: RHB Justin Burgess 0-0: Swinging Strike
0-1: Ball
1-1: Foul Ball, location: 2F
1-2: Ball
2-2: Ball
3-2: Ground out 5-3 (Groundball, 5)
Top of the 4th over - 2 run(s), 3 hit(s), 1 error(s), 1 left on base; Vista 3 - Maui 0
BOTTOM OF THE 4TH
Maui Tropics batting - Pitching for Vista Panthers : RHP Dale Reese
Batting: RHB Luis Alou 0-0: Ball
1-0: Swinging Strike
1-1: Reached on error, E9 (Flyball, 89M)
Batting: RHB José Herrera 0-0: Fly out, F8 (Flyball, 8LS)
Batting: LHB José Rivas 0-0: Ball
1-0: Ball
2-0: SINGLE (Groundball, 4) (infield hit)
Luis Alou to second
Batting: RHB Ximena Campos 0-0: Called Strike
0-1: Ball
1-1: Ball
2-1: SINGLE (Groundball, 6D)
Luis Alou to third
José Rivas to second
Batting: RHB Matt Silver 0-0: SINGLE (Line Drive, 56)
Luis Alou scores
José Rivas to third
Ximena Campos to second
Runner from 3rd tries for Home, SAFE, no throw
Batting: RHB John Brown 0-0: Called Strike
0-1: Foul Ball, location: 2F
0-2: Strikes out swinging
Batting: LHB Mario Olivares 0-0: Called Strike
0-1: Ball
1-1: Ball
2-1: Fly out, F9 (Line Drive, 9D)
Bottom of the 4th over - 2 run(s), 3 hit(s), 1 error(s), 2 left on base; Vista 3 - Maui 2
TOP OF THE 5TH
Vista Panthers batting - Pitching for Maui Tropics : LHP Kent Robinson
Batting: RHB George Howard 0-0: Called Strike
0-1: Ground out 5-3 (Groundball, 56S)
Batting: RHB John Mendelson 0-0: Ball
1-0: Ball
2-0: Called Strike
2-1: Foul Ball, location: 2F
2-2: Ball
3-2: SINGLE (Groundball, 56D)
Batting: RHB Phil Matthews 0-0: Ball
1-0: Called Strike
1-1: Ball
2-1: Called Strike
2-2: TRIPLE (Flyball, 8LXD)
John Mendelson scores
Batting: RHB Cisco Gatán 0-0: Foul Ball, location: 2F
0-1: Foul Ball, location: 2F
0-2: Ball
1-2: Foul Ball, location: 2F
1-2: Ball
2-2: Foul Ball, location: 2F
2-2: Ball
3-2: Fly out, F7 (Line Drive, 78M)
Runner from 3rd tags up, OUT at HOME
Top of the 5th over - 1 run(s), 2 hit(s), 0 error(s), 0 left on base; Vista 4 - Maui 2
BOTTOM OF THE 5TH
Maui Tropics batting - Pitching for Vista Panthers : RHP Dale Reese
Batting: LHB Luis Antonio Torres 0-0: Called Strike
0-1: Ball
1-1: Called Strike
1-2: Ball
2-2: Strikes out looking
Batting: RHB Jesús Espinoza 0-0: Foul Ball, location: 2F
0-1: Ball
1-1: Ball
2-1: Ground out U3 (Groundball, 34S)
Batting: RHB Luis Alou 0-0: Ball
1-0: Swinging Strike
1-1: Called Strike
1-2: Strikes out swinging
Bottom of the 5th over - 0 run(s), 0 hit(s), 0 error(s), 0 left on base; Vista 4 - Maui 2
TOP OF THE 6TH
Vista Panthers batting - Pitching for Maui Tropics : LHP Kent Robinson
Batting: RHB Roberto Cruz 0-0: Ball
1-0: Called Strike
1-1: Called Strike
1-2: Fly out, F9 (Flyball, 9LS)
Batting: SHB Mark Wells 0-0: Ball
1-0: Called Strike
1-1: Fly out, F7 (Flyball, 7D)
Batting: LHB Bob Cunningham 0-0: Ground out 6-3 (Groundball, 6M)
Top of the 6th over - 0 run(s), 0 hit(s), 0 error(s), 0 left on base; Vista 4 - Maui 2
BOTTOM OF THE 6TH
Maui Tropics batting - Pitching for Vista Panthers : RHP Dale Reese
Batting: RHB José Herrera 0-0: Called Strike
0-1: Ball
1-1: Ball
2-1: Ground out 6-3 (Groundball, 6)
Batting: LHB José Rivas 0-0: SINGLE (Line Drive, 8LS)
Batting: RHB Ximena Campos 0-0: Called Strike
0-1: Fly out, F7 (Flyball, 7D)
Runner from 1st tags up, SAFE at 2nd
Batting: RHB Matt Silver 0-0: Ball
1-0: Ball
2-0: Ball
3-0: Called Strike
3-1: Ground out 5-3 (Groundball, 56)
Bottom of the 6th over - 0 run(s), 1 hit(s), 0 error(s), 1 left on base; Vista 4 - Maui 2
TOP OF THE 7TH
Vista Panthers batting - Pitching for Maui Tropics : LHP Kent Robinson
Pitching: RHP Yong-taek Yi
Batting: RHB António López 0-0: Ball
1-0: Ball
2-0: Ground out 5-3 (Groundball, 5)
Batting: RHB Justin Burgess 0-0: Swinging Strike
0-1: SINGLE (Groundball, 34D)
Batting: RHB George Howard 0-0: Ball
1-0: Called Strike
1-1: Foul Ball, location: 2F
1-2: Fly out, F4 (Flyball, 34D)
Batting: RHB John Mendelson 0-0: Ball
1-0: Ball
2-0: Swinging Strike
2-1: Called Strike
2-2: Strikes out swinging
Top of the 7th over - 0 run(s), 1 hit(s), 0 error(s), 1 left on base; Vista 4 - Maui 2
BOTTOM OF THE 7TH
Maui Tropics batting - Pitching for Vista Panthers : RHP Dale Reese
Batting: RHB John Brown 0-0: Ball
1-0: Ball
2-0: Ball
3-0: Called Strike
3-1: Base on Balls
Batting: LHB Mario Olivares 0-0: Called Strike
0-1: Fielders Choice at 2nd, 5-4 (Groundball, 56)
Batting: LHB Luis Antonio Torres 0-0: Called Strike
0-1: Ball
1-1: Called Strike
Mario Olivares steals 2nd base
1-2: Fly out, F8 (Flyball, 8RM)
Batting: RHB Jesús Espinoza 0-0: Foul Ball, location: 2F
0-1: Ball
1-1: Called Strike
1-2: SINGLE (Line Drive, 89S)
Mario Olivares to third
Runner from 3rd tries for Home, SAFE, no throw
Batting: RHB Luis Alou 0-0: Swinging Strike
0-1: Ball
1-1: Fielders Choice at 2nd, 4-6 (Groundball, 4)
Bottom of the 7th over - 1 run(s), 1 hit(s), 0 error(s), 0 left on base; Vista 4 - Maui 3
TOP OF THE 8TH
Vista Panthers batting - Pitching for Maui Tropics : RHP Yong-taek Yi
Batting: RHB Phil Matthews 0-0: Called Strike
0-1: Ball
1-1: DOUBLE (Line Drive, 78M)
Batting: RHB Cisco Gatán 0-0: Ball
1-0: Ball
2-0: Foul Ball, location: 2F
2-1: Called Strike
2-2: DOUBLE (Line Drive, 7D)
Phil Matthews scores
Batting: RHB Roberto Cruz 0-0: Called Strike
0-1: Ball
1-1: Swinging Strike
1-2: Fly out, F8 (Flyball, 78S)
Batting: SHB Mark Wells 0-0: Ball
1-0: Ball
2-0: Foul Ball, location: 2F
2-1: Ground out 4-3 (Groundball, 34)
Cisco Gatán to third
Batting: LHB Bob Cunningham 0-0: Called Strike
0-1: Ball
1-1: Ball
2-1: Foul Ball, location: 2F
2-2: Ball
3-2: Strikes out swinging
Top of the 8th over - 1 run(s), 2 hit(s), 0 error(s), 1 left on base; Vista 5 - Maui 3
BOTTOM OF THE 8TH
Maui Tropics batting - Pitching for Vista Panthers : RHP Dale Reese
Pitching: RHP António López
Batting: RHB José Herrera 0-0: Ball
1-0: Swinging Strike
1-1: Foul Ball, location: 2F
1-2: Ball
2-2: Ground out 6-3 (Groundball, 6S)
Batting: LHB José Rivas 0-0: Ball
1-0: Foul Ball, location: 2F
1-1: Ball
2-1: Ball
3-1: Base on Balls
Batting: RHB Ximena Campos 0-0: Foul Ball, location: 2F
0-1: Foul Ball, location: 2F
0-2: Strikes out swinging
Batting: RHB Matt Silver 0-0: Ball
1-0: Fielders Choice at 2nd, 6-4 (Groundball, 6)
Bottom of the 8th over - 0 run(s), 0 hit(s), 0 error(s), 0 left on base; Vista 5 - Maui 3
TOP OF THE 9TH
Vista Panthers batting - Pitching for Maui Tropics : RHP Yong-taek Yi
Pitching: RHP Ricardo Pérez
Batting: RHB António López 0-0: Ball
1-0: Called Strike
1-1: Called Strike
1-2: Ground out 6-3 (Groundball, 56)
Batting: RHB Justin Burgess 0-0: Foul Ball, location: 2F
0-1: Ground out 6-3 (Groundball, 6)
Batting: RHB George Howard 0-0: Ball
1-0: Ball
2-0: Foul Ball, location: 2F
2-1: Called Strike
2-2: Ground out 5-3 (Groundball, 56)
Top of the 9th over - 0 run(s), 0 hit(s), 0 error(s), 0 left on base; Vista 5 - Maui 3
BOTTOM OF THE 9TH
Maui Tropics batting - Pitching for Vista Panthers : RHP António López
Pitching: RHP David Simpson
Batting: RHB John Brown 0-0: Called Strike
0-1: Ball
1-1: Swinging Strike
1-2: Foul Ball, location: 2F
1-2: Ball
2-2: Strikes out looking
Batting: LHB Mario Olivares 0-0: Ball
1-0: Ball
2-0: Foul Ball, location: 2F
2-1: Called Strike
2-2: Strikes out looking
Batting: LHB Luis Antonio Torres 0-0: Called Strike
0-1: Swinging Strike
0-2: Fly out, F9 (Flyball, 89S)
Bottom of the 9th over - 0 run(s), 0 hit(s), 0 error(s), 0 left on base; Vista 5 - Maui 3
Thursday, March 30th, 2017 - OOTP Baseball 17.12 Build 75